 Dungeon Crawl Stone Soup version 0.20-a0-641-g673355a (webtiles) character file.

84 AlphabetPasta the Skirmisher (level 4, -5/35 HPs)
             Began as a Barachian Wanderer on Feb 13, 2017.
             Slain by Natasha (9 damage)
             ... on level 2 of the Dungeon.
             The game lasted 00:07:46 (2222 turns).

AlphabetPasta the Skirmisher (Barachian Wanderer)   Turns: 2222, Time: 00:07:47

Health: -5/35      AC:  2    Str:  8    XL:     4   Next: 46%
Magic:  6/6        EV: 11    Int: 11    God:
Gold:   143        SH:  0    Dex: 12    Spells: 3/6 levels left

rFire    . . .     SeeInvis .   a - +1 short sword
rCold    . . .     Gourm    .   l - +0 robe
rNeg     . . .     Faith    .   (no shield)
rPois    .         Spirit   .   (no helmet)
rElec    .         Reflect  .   (no cloak)
rCorr    .         Harm     .   (no gloves)
MR       .....                  (no boots)
Stlth    ++........             (no amulet)
Regen    0.2/turn               (no ring)
MPRegen  0.1/turn               (no ring)

@: slow
A: swims, slowness 1, strong legs 1
a: Hop


You were on level 2 of the Dungeon.
You were not hungry.

You visited 1 branch of the dungeon, and saw 2 of its levels.

You collected 143 gold pieces.

Inventory:

Hand Weapons
 a - a +1 short sword (weapon)
 b - a +0 hand crossbow
Missiles
 c - 13 bolts
Armour
 d - a +0 ring mail
 l - a +0 robe (worn)
Jewellery
 j - an uncursed ring of magical power {unknown}
Scrolls
 m - 2 scrolls of enchant weapon
Potions
 e - 2 potions of lignification
 i - a potion of haste
 o - a potion of heal wounds
Books
 k - a book of Maledictions

   Spells                             Type                      Level
   a - Corona                         Hexes                        1
   b - Ensorcelled Hibernation        Hexes/Ice                    2
   c - Confuse                        Hexes                        3
   d - Tukima's Dance                 Hexes                        3
   e - Dazzling Spray                 Conjuration/Hexes            3
Comestibles
 f - 2 bread rations
 g - a meat ration
 h - 7 fruits
 n - a royal jelly
 q - a chunk of flesh


   Skills:
 + Level 3.5 Fighting
 * Level 1.2 Short Blades
 * Level 2.0 Crossbows
 - Level 1.1 Armour
 + Level 1.0 Dodging
 * Level 1.4 Stealth
   Level 1.0 Shields
 + Level 1.5 Spellcasting
   Level 1.0 Conjurations
 * Level 1.9 Hexes


You had 3 spell levels left.
You knew the following spells:

 Your Spells              Type           Power        Failure   Level  Hunger
a - Corona                Hex            #......      17%         1    ##.....
b - Ensorcelled Hibernat  Hex/Ice        #.....       34%         2    ###....


Dungeon Overview and Level Annotations

Branches:
Dungeon (2/15)

Altars:

Annotations:
D:2 Natasha


Innate Abilities, Weirdness & Mutations

You can swim through water.
You cover ground slowly.
You can hop short distances.


Message History

Pain shoots through your body!
You closely miss Natasha.
Natasha is almost dead.
Natasha claws you!
* * * LOW HITPOINT WARNING * * *
You barely miss Natasha.
Natasha is almost dead.
Natasha misses you. The shadow imp hits you.
* * * LOW HITPOINT WARNING * * *
Natasha claws you.
* * * LOW HITPOINT WARNING * * *
You hit Natasha but do no damage.
Natasha is almost dead.
The shadow imp hits you.
* * * LOW HITPOINT WARNING * * *
Natasha closely misses you.
You barely miss Natasha.
Natasha is almost dead.
The shadow imp closely misses you. Natasha claws you!
You die...

.. #. #. #. #.
###.#################
###..>.................
#....h@.###..)......###
...###5.................
#...#.###.#######.###
#.#.#.# #.# #.# #.#.#.#
..# #####.# #
#.#.#######...#.###
#.... .......'...# ###.#
###...#.#.# .g +...).#.#


You could see Natasha and a shadow imp.

Vanquished Creatures
  4 gnolls (D:2)
  An adder (D:2)
  A dart slug (D:1)
  2 leopard geckos
  A ball python (D:1)
  2 giant cockroaches
  3 goblins
  6 hobgoblins
  A bat (D:1)
  A frilled lizard (D:1)
  6 kobolds
  6 rats
34 creatures vanquished.

Notes
Turn   | Place    | Note
-------+----------+-------------------------------------------
     0 | D:1      | AlphabetPasta the Barachian Wanderer began the quest for the Orb.
     0 | D:1      | AlphabetPasta set off with: a book of Maledictions, a +0 hand crossbow, 21 bolts, a +0 ring mail, a bread ration
     0 | D:1      | Reached XP level 1. HP: 18/18 MP: 2/2
     2 | D:1      | Learned a level 1 spell: Corona
   221 | D:1      | Reached XP level 2. HP: 17/24 MP: 3/3
   225 | D:1      | Learned a level 2 spell: Ensorcelled Hibernation
  1235 | D:1      | Reached skill level 1 in Short Blades
  1237 | D:1      | Reached XP level 3. HP: 8/29 MP: 4/4
  1966 | D:2      | Reached skill level 1 in Dodging
  1966 | D:2      | Reached XP level 4. HP: 13/35 MP: 4/6
  2202 | D:2      | Noticed Natasha
  2222 | D:2      | Slain by Natasha

Vault maps used:
D:1:      dpeg_arrival_windows_large_door, minmay_pentomino_v4
D:2:      uniq_jessica, uniq_natasha

Skill      XL: |  1  2  3 |
---------------+----------+-----
Short Blades   | 1 |  1.2
Crossbows      | 2 |  2.0
Dodging        | 1 |  1.0
Fighting       | |  3.5
Armour         | |  1.1
Stealth        | |  1.4
Shields        | |  1.0
Spellcasting   | |  1.5
Conjurations   | |  1.0
Hexes          | |  1.9

Action                   |  1- 3 |  4- 6 || total
-------------------------+-------+-------++-------
Melee: Short sword       |    81 |    18 ||    99
 Fire: Hand crossbow     |    38 |     6 ||    44
  Use: Scroll            |     4 |     2 ||     6
 Stab: Sleeping          |     2 |     1 ||     3
  Eat: Fruit             |     1 |       ||     1
       Chunk             |     3 |     1 ||     4
Armor: Ring mail         |     2 |       ||     2
       Robe              |     9 |       ||     9
Dodge: Dodged            |    47 |     9 ||    56
